 Dungeon Crawl Stone Soup version 0.31.0-11-ge490571c62 (webtiles) character file.

Game seed: 9730334138161923913

37 Peloso the Covered (level 3, -2/33 HPs)
             Began as a Minotaur Fighter on Feb 9, 2024.
             Killed by divine providence
             ... invoked by an orc priest
              (15 damage)
             ... on level 2 of the Dungeon.
             The game lasted 00:01:36 (824 turns).

Peloso the Covered (Minotaur Fighter)                Turns: 824, Time: 00:01:39

Health: -2/33      AC:  7    Str: 20    XL:     3   Next: 23%
Magic:  2/2        EV:  9    Int:  5    God:
Gold:   77         SH:  4    Dex: 11    Spells: 2/2 levels left

rFire   . . .        a - +0 long sword
rCold   . . .        i - +0 buckler
rNeg    . . .        c - +0 scale mail
rPois   .            (helmet restricted)
rElec   .            (no cloak)
rCorr   .            (no gloves)
SInv    .            (no boots)
Will    .....        (no amulet) Stlth
                     (no ring)
HPRegen 0.25/turn    (no ring)
MPRegen 0.08/turn

%: no passive effects
@: no status effects
A: horns 2, retaliatory headbutt
a: no special abilities


You were on level 2 of the Dungeon.
You visited 1 branch of the dungeon, and saw 2 of its levels.

You collected 77 gold pieces.

Inventory:

Hand Weapons
 a - a +0 long sword (weapon)
Armour
 b - a +0 scale mail
 c - a +0 scale mail (worn)
 i - a +0 buckler (worn)
Jewellery
 f - a ring of fire
Scrolls
 e - a scroll of enchant armour {unknown}
 g - a scroll of immolation {unknown}
 h - a scroll of amnesia {unknown}
Potions
 d - a potion of might


   Skills:
 + Level 4.0 Fighting
 + Level 3.3 Long Blades
 + Level 4.1 Armour
 + Level 3.9 Shields


You had 2 spell levels left.
You didn't know any spells.
Your spell library contained the following spells:

 Spells                   Type           Power      Damage    Failure   Level
 Apportation              Tloc           0%         N/A       88%         1
 Necrotise                Necr           0%         1d4       88%         1
 Sting                    Conj/Alch      0%         1d3       88%         1
 Summon Small Mammal      Summ           0%         N/A       88%         1
 Call Canine Familiar     Summ           0%         N/A       99%         3
 Sigil of Binding         Hex            0%         N/A       99%         3
 Summon Ice Beast         Ice/Summ       0%         N/A       99%         3
 Dimensional Bullseye     Hex/Tloc       0%         N/A       100%        4
 Summon Mana Viper        Hex/Summ       0%         N/A       100%        5
 Monstrous Menagerie      Summ           0%         N/A       100%        7


Dungeon Overview and Level Annotations

Branches:
Dungeon (2/15)

Altars:
Kikubaaqudgha

Shops:
D:2 [!:


Innate Abilities, Weirdness & Mutations

You have a pair of horns on your head.
You reflexively headbutt those who attack you in melee.


Message History

A rat comes into view.
The rat squeaks loudly.
A rat is nearby!
A hobgoblin comes into view. It is wielding a +0 falchion.
The hobgoblin shouts!
You hear a shout! x2
You block the rat's attack.
An orc comes into view. It is wielding a +0 hand axe.
The orc shouts!
You hit the rat but do no damage. You headbutt the rat.
You kill the rat!
A bat comes into view.
An orc priest and an orc come into view.
The orc priest shouts!
The orc shouts!
The orc priest mumbles some strange prayers to Beogh against you.
Beogh smites you!
You see here a rat corpse.
The bat hits you but does no damage.
The hobgoblin hits you with a +0 falchion.
You block the bat's attack. The bat barely misses you. You furiously retaliate!
You headbutt the bat. The bat attacks as it pursues you!
The bat hits you but does no damage. x3
The orc priest calls down the wrath of Beogh upon you.
Beogh smites you!
You hit the bat.
You kill the bat!
You hit the hobgoblin but do no damage. Your headbutt misses the hobgoblin.
The hobgoblin barely misses you. You block the hobgoblin's attack.
You barely miss the hobgoblin. You headbutt the hobgoblin.
You kill the hobgoblin!
You barely miss the orc.
The orc priest casts a cantrip, but nothing happens.
The orc hits you with a +0 hand axe.
You hit the orc.
You kill the orc!
The orc priest looks encouraged for a moment.
The orc barely misses you. You furiously retaliate!
You headbutt the orc!
You kill the orc!
The orc priest invokes the aid of Beogh against you.
Beogh smites you!
You die...

....... ...# #..# # #.#.#..
#..# #..###########
.......###$.####..#..........
#..............#..#.#######.#
#...†...#.....#.#######.#
#......o......#.##<......
#.......#.....#.##.####.#
.....#.####)..........# #.#
######[###.@≈~~....†.#####.#
#......≈∩≈.####.†.....#
######.≈~~.# #########
#.....# #######


You could see an orc priest.

Vanquished Creatures
  An adder (D:2)
  A ribbon worm (D:2)
  2 orcs (D:2)
  4 endoplasms
  A giant cockroach (D:2)
  2 hobgoblins
  4 ball pythons
  4 bats
  A frilled lizard (D:1)
  A goblin (D:1)
  A kobold (D:1)
  7 rats
29 creatures vanquished.

Notes
Turn   | Place    | Note
-------+----------+-------------------------------------------
     0 | D:1      | Peloso the Minotaur Fighter began the quest for the Orb.
     0 | D:1      | Reached XP level 1. HP: 19/19 MP: 0/0
    40 | D:1      | Found a faded altar of an unknown god.
   281 | D:1      | Reached XP level 2. HP: 27/27 MP: 1/1
   652 | D:2      | Found an ancient bone altar of Kikubaaqudgha.
   693 | D:2      | Found Tydouh's Book Shoppe.
   741 | D:2      | Found Nakuseocw's Distillery.
   750 | D:2      | Reached XP level 3. HP: 30/33 MP: 2/2
   794 | D:2      | Found Syopt's Armour Emporium.
   824 | D:2      | Killed from afar by an orc priest

Illustrated notes

Levels and vault maps discovered:
D:1:      eino_arrival_druids_welcome, layout_loops_ring,
          shapermc_ecumenical_altar_pompeii
D:2:      cheibrodos_pilgrimage, layout_loops_ring, serial_shops,
          nicolae_shop_tiny_waterfront, nicolae_shop_industrial_runoff, shop,
          nicolae_shop_peninsula, nicolae_shop_window_shopping, basic_altar

Skill      XL: |  1  2 |
---------------+-------+-----
Fighting       | 4 |  4.0
Armour         | 4 |  4.1
Long Blades    | 3 |  3.3
Shields        | |  3.9

Action                     || total
---------------------------++-------
  Melee: Long sword        ||    58
         Headbutt          ||     8
    Use: Potion            ||     3
 Armour: Scale mail        ||    45
  Dodge: Dodged            ||    30
  Block: Buckler           ||    14
